 Dungeon Crawl Stone Soup version 0.21-a0-203-gb066a6e (webtiles) character file.

7620 Kidiri the Thaumaturge (level 10, -2/56 HPs)
             Began as a Deep Elf Fire Elementalist on Aug 19, 2017.
             Was a Believer of Vehumet.
             Slain by a three-headed hydra (15 damage)
             ... on level 8 of the Dungeon.
             The game lasted 00:38:42 (9076 turns).

Kidiri the Thaumaturge (Deep Elf Fire Elementalist) Turns: 9076, Time: 00:38:43

Health: -2/56      AC:  7    Str:  1    XL:     10   Next: 98%
Magic:  19/37      EV: 16    Int: 24    God:    Vehumet [**....]
Gold:   81         SH:  0    Dex: 23    Spells: 8/34 levels left

rFire    . . .     SeeInvis .   m - +5 dagger
rCold    . . .     Gourm    .   (no shield)
rNeg     . . .     Faith    .   a - +1 robe
rPois    .         Spirit   .   (no helmet)
rElec    .         Reflect  .   (no cloak)
rCorr    .         Harm     .   (no gloves)
MR       +....                  (no boots)
Stlth    +++.......             w - amulet of magic regeneration
HPRegen  0.18/turn              F - +3 ring of strength
MPRegen  0.50/turn              g - ring "Rueguat" {+Fly MP+9 Str-5 Dex+8}

@: no status effects
A: icy blue scales 1, slimy green scales 1, weak 1, subdued magic 1
a: Renounce Religion, Evoke Flight


You were on level 8 of the Dungeon.
You worshipped Vehumet.
Vehumet was pleased with you.
You were not hungry.

You visited 2 branches of the dungeon, and saw 9 of its levels.
You also visited: Ossuary.

You collected 332 gold pieces.
You spent 251 gold pieces at shops.

Inventory:

Hand Weapons
 m - a +5 dagger (weapon)
 A - a +2 short sword of venom
 B - a +1 rapier of speed
Armour
 a - a +1 robe (worn)
 k - the +1 chain mail "Kuoj" {rF++ Int-5}
   (You acquired it on level 8 of the Dungeon)

   It affects your intelligence (-5).
   It greatly protects you from fire.
 D - a +0 shield
Jewellery
 d - an uncursed ring of fire
 g - the ring "Rueguat" (right hand) {+Fly MP+9 Str-5 Dex+8}
   (You acquired it on level 8 of the Dungeon)

   [ring of flight]

   It affects your strength (-5).
   It affects your dexterity (+8).
   It affects your magic capacity (+9).
   It lets you fly.
 w - an amulet of magic regeneration (around neck)
 E - an uncursed amulet of guardian spirit
 F - a +3 ring of strength (left hand)
Scrolls
 h - 4 scrolls of teleportation
 j - 2 scrolls of fog
 o - a scroll of magic mapping
 r - 5 scrolls of remove curse
 y - 2 scrolls of immolation
 G - 2 scrolls of amnesia
Potions
 e - 4 potions of agility
 i - 3 potions of flight
 l - a potion of resistance
 n - a potion of heal wounds
 p - 2 potions of curing
 t - a potion of cancellation
 u - 3 potions of brilliance
 v - 2 potions of ambrosia
 x - a potion of berserk rage
 I - a potion of lignification
Books
 b - a book of Flames

   Spells                             Type                      Level
   a - Flame Tongue                   Conjuration/Fire             1
   b - Throw Flame                    Conjuration/Fire             2
   c - Conjure Flame                  Conjuration/Fire             3
   d - Inner Flame                    Hexes/Fire                   3
   e - Sticky Flame                   Conjuration/Fire             4
   f - Fireball                       Conjuration/Fire             5
 H - a book of Geomancy

   Spells                             Type                      Level
   a - Sandblast                      Earth                        1
   b - Passwall                       Transmutation/Earth          2
   c - Stone Arrow                    Conjuration/Earth            3
   d - Petrify                        Transmutation/Earth          4
   e - Lee's Rapid Deconstruction     Earth                        5
Comestibles
 c - 5 bread rations
 f - 3 meat rations
 q - 3 chunks of flesh


   Skills:
 + Level 3.4 Fighting
 + Level 4.2 Short Blades
 + Level 3.6 Armour
 + Level 5.3 Dodging
 - Level 2.4 Stealth
 + Level 2.7 Shields
 * Level 12.6 Spellcasting
 + Level 7.4 Conjurations
 + Level 8.1 Fire Magic
 + Level 3.3 Earth Magic


You had 8 spell levels left.
You knew the following spells:

 Your Spells              Type           Power        Failure   Level  Hunger
a - Flame Tongue          Conj/Fire      #####        1%          1    None
b - Throw Flame           Conj/Fire      #####.       1%          2    None
c - Conjure Flame         Conj/Fire      #####...     1%          3    None
d - Inner Flame           Hex/Fire       ####....     1%          3    None
e - Sticky Flame          Conj/Fire      #####...     1%          4    None
f - Fireball              Conj/Fire      #####.....   3%          5    ###....
g - Stone Arrow           Conj/Erth      ####..       1%          3    None
h - Lee's Rapid Deconstr  Erth           ###.......   24%         5    ###....


Dungeon Overview and Level Annotations

Branches:
Dungeon (8/15)             Temple (1/1) D:4            Lair (0/6) D:8

Altars:
Ashenzari
Cheibriados
Dithmenos
Elyvilon
Fedhas
Gozag
Hepliaklqana
Kikubaaqudgha
Makhleb
Nemelex Xobeh
Okawaru
Qazlal
Ru
Sif Muna
Trog
Uskayaw
Vehumet
Wu Jian
Xom
Yredelemnul
Zin
The Shining One

Shops:
D:5 **}(   D:8 ?


Innate Abilities, Weirdness & Mutations

You are partially covered in icy blue scales. (AC +2)
You are partially covered in slimy green scales. (AC +2)
You are weak. (Str -2)
Your spells are a little easier to cast, but a little less powerful.


Message History

Unknown command.
The three-headed hydra burns!
Casting: Sticky Flame
Confirm with . or Enter, or press ? or * to list all spells.
Aiming: Fireball
Press: ? - help, Shift-Dir - straight line, f - big kobold, p - three-headed hydra
Aim: a big kobold, wielding a hand axe of flaming (lightly wounded, inner flame)
The fireball explodes!
The fireball engulfs the big kobold.
The big kobold is severely wounded.
The fireball engulfs the dream sheep.
The dream sheep is severely wounded.
The fireball engulfs the dream sheep.
The dream sheep is severely wounded.
The three-headed hydra burns!
The big kobold is engulfed in a cloud of scalding steam.
The three-headed hydra closely misses you.
The three-headed hydra bites you.
* * * LOW HITPOINT WARNING * * *
The three-headed hydra bites you!
You die...

......# ##.................#
......## #.........#.......# #
.......###...........>.....#
###
..................#........#
#..
............####...........#
#.. ...........##
###.........# ### #..........#
##........# #
#.........##########.......#
#.........#.....@####......#
.........#......D...###....#
...)[....#........†.# ##...#
..(([...#.....####K##**##..#
..(..)..#.....#,≈K§Y≈≈≈*#..##
#......##.....#,.%...≈P*##..##
# #..)...##.....#.....≈≈≈#
##..## #
#..().###.....#...%.≈≈≈#
##.%### ......#
#.....#%....≈≈.# ##..#.


You could see a three-headed hydra (burning), a big kobold (inner flame) and a
dream sheep.

Vanquished Creatures
  2 two-headed ogres (D:8)
  3 death yaks (D:8)
  Psyche (D:8)
  Grinder (D:3)
  2 yaks (D:8)
  Menkaure (D:4)
  Duvessa (D:7)
  A sky beast (D:5)
  A porcupine (D:8)
  An orc warrior (D:8)
  4 ice beasts
  A hornet zombie (Ossuary)
  4 ogres
  A centaur (D:6)
  2 big kobolds (D:8)
  Blork the orc (D:6)
  3 bullfrogs
  2 gnoll sergeants (D:6)
  Dowan (D:7)
  A scorpion (D:6)
  3 wights (D:6)
  4 howler monkeys
  A crimson imp (D:5)
  2 centaur zombies
  A quasit (D:6)
  2 bullfrog zombies (Ossuary)
  A jelly (D:6)
  6 orc wizards
  7 hounds
  2 orc priests (D:3)
  3 iguanas
  16 mummies (Ossuary)
  Jessica (D:3)
  A hell rat (D:8)
  4 worker ants
  A hound skeleton (D:4)
  A howler monkey zombie (Ossuary)
  4 worker ant zombies (Ossuary)
  7 adders
  2 shadow imps (D:5)
  An ooze (D:1)
  2 adder zombies (Ossuary)
  2 worms (D:3)
  4 dart slugs
  7 leopard geckos
  26 orcs
  9 giant cockroaches
  7 hobgoblins
  12 jackals
  3 quokkas
  A ball python zombie (Ossuary)
  9 bats
  10 frilled lizards
  7 goblins
  2 goblin zombies (D:4)
  A jackal zombie (Ossuary)
  9 kobolds
  2 quokka zombies (Ossuary)
  8 rats
  4 plants (D:4)
  2 withered plants (Ossuary)
231 creatures vanquished.

Vanquished Creatures (others)
  4 plants (D:8)
  2 withered plants (Ossuary)
6 creatures vanquished.

Grand Total: 237 creatures vanquished

Notes
Turn   | Place    | Note
-------+----------+-------------------------------------------
     0 | D:1      | Kidiri the Deep Elf Fire Elementalist began the quest for the Orb.
     0 | D:1      | Reached XP level 1. HP: 10/10 MP: 6/6
    76 | D:1      | Reached XP level 2. HP: 7/15 MP: 0/8
    92 | D:1      | Learned a level 2 spell: Throw Flame
   597 | D:1      | Reached XP level 3. HP: 10/19 MP: 2/10
   599 | D:1      | Reached skill level 4 in Spellcasting
   619 | D:1      | Learned a level 3 spell: Conjure Flame
   623 | D:1      | Learned a level 3 spell: Inner Flame
  1439 | D:2      | Reached XP level 4. HP: 24/24 MP: 12/12
  1805 | D:3      | Noticed Grinder
  1808 | D:3      | Paralysed by Grinder for 3 turns
  1816 | D:3      | Killed Grinder
  1816 | D:3      | Reached skill level 6 in Spellcasting
  1816 | D:3      | Reached XP level 5. HP: 3/28 MP: 4/15
  1823 | D:3      | Learned a level 4 spell: Sticky Flame
  2002 | D:3      | Reached XP level 6. HP: 11/32 MP: 10/17
  2012 | D:3      | Learned a level 5 spell: Fireball
  2027 | D:3      | Gained mutation: You are partially covered in icy blue scales. (AC +2) [potion of mutation]
  2027 | D:3      | Gained mutation: You are partially covered in slimy green scales. (AC +2) [potion of mutation]
  2500 | D:3      | Reached skill level 7 in Spellcasting
  2500 | D:3      | Reached skill level 5 in Fire Magic
  2501 | D:3      | Noticed Jessica
  2523 | D:3      | Killed Jessica
  2883 | D:4      | Found a white marble altar of Elyvilon.
  2976 | D:4      | Reached XP level 7. HP: 21/36 MP: 10/20
  3140 | D:4      | Noticed Menkaure
  3143 | D:4      | Killed Menkaure
  3143 | D:4      | Reached skill level 8 in Spellcasting
  3223 | D:4      | Found a sand-covered staircase.
  3231 | Ossuary  | Entered an ossuary
  3442 | Ossuary  | Reached skill level 9 in Spellcasting
  3575 | Ossuary  | Reached skill level 5 in Conjurations
  3590 | Ossuary  | Reached XP level 8. HP: 41/41 MP: 19/23
  4096 | D:4      | Found a staircase to the Ecumenical Temple.
  4105 | Temple   | Entered the Ecumenical Temple
  4283 | Temple   | Became a worshipper of Vehumet
  5075 | D:5      | Entered Level 5 of the Dungeon
  5109 | D:5      | Reached skill level 10 in Spellcasting
  5242 | D:5      | Found Toak Ecsio's Antique Weapon Shop.
  5259 | D:5      | Bought a runed rapier for 154 gold pieces
  5282 | D:5      | Found a shimmering altar of Xom.
  5287 | D:5      | Found Ysipeh's Gadget Shop.
  5346 | D:5      | Reached skill level 1 in Short Blades
  5346 | D:5      | Reached skill level 1 in Armour
  5363 | D:5      | Found Lausann's Assorted Antiques.
  5464 | D:5      | Found Itaholag's General Store.
  5538 | D:5      | Reached skill level 1 in Fighting
  5621 | D:5      | Gained mutation: Your spells are a little easier to cast, but a little less powerful. [mutagenic meat]
  5622 | D:5      | Gained mutation: You are weak. (Str -2) [mutagenic meat]
  5843 | D:6      | Noticed Blork the orc
  5845 | D:6      | Reached XP level 9. HP: 47/47 MP: 14/25
  5847 | D:6      | Killed Blork the orc
  5877 | D:6      | Reached * piety under Vehumet
  5877 | D:6      | Offered knowledge of Freeze by Vehumet.
  6442 | D:6      | Reached skill level 11 in Spellcasting
  6788 | D:7      | Reached skill level 1 in Shields
  6958 | D:7      | Learned a level 3 spell: Stone Arrow
  6964 | D:7      | Learned a level 5 spell: Lee's Rapid Deconstruction
  7121 | D:7      | Noticed Duvessa
  7128 | D:7      | Noticed Dowan
  7135 | D:7      | Killed Duvessa
  7135 | D:7      | Killed Dowan
  7411 | D:8      | Found a staircase to the Lair.
  7411 | D:8      | Noticed a death yak
  7413 | D:8      | Noticed a death yak
  7413 | D:8      | Noticed a death yak
  7550 | D:8      | Found Fuaqisug's Magic Scroll Boutique.
  7609 | D:8      | Reached skill level 1 in Earth Magic
  7704 | D:8      | Noticed Psyche
  7716 | D:8      | Killed Psyche
  7852 | D:8      | Bought a scroll of identify for 26 gold pieces
  7852 | D:8      | Bought a scroll of amnesia for 45 gold pieces
  7852 | D:8      | Bought a scroll of identify for 26 gold pieces
  7900 | D:8      | Killed a death yak
  7900 | D:8      | Reached XP level 10. HP: 53/55 MP: 18/27
  8166 | D:8      | Identified 2 scrolls of acquirement
  8167 | D:8      | Got a warped chain mail
  8169 | D:8      | Got a sparkling pewter ring
  8171 | D:8      | Lost strength.
  8171 | D:8      | Identified the ring "Rueguat" {+Fly MP+9 Str-5 Dex+8} (You acquired it on level 8 of the Dungeon)
  8282 | D:8      | Identified the +1 chain mail "Kuoj" {rF++ Int-5} (You acquired it on level 8 of the Dungeon)
  8350 | D:8      | Noticed a two-headed ogre
  8362 | D:8      | Killed a two-headed ogre
  8362 | D:8      | Reached skill level 12 in Spellcasting
  8524 | D:8      | Reached ** piety under Vehumet
  8524 | D:8      | Offered knowledge of Searing Ray by Vehumet.
  8664 | D:8      | Noticed a two-headed ogre
  8677 | D:8      | Killed a two-headed ogre
  8677 | D:8      | Reached skill level 5 in Dodging
  8842 | D:8      | Killed a death yak
  8851 | D:8      | Killed a death yak
  9062 | D:8      | Noticed a three-headed hydra
  9076 | D:8      | Slain by a three-headed hydra

Vault maps used:
D:1:      matt_arrival_spirals
D:3:      uniq_jessica, uniq_grinder
D:4:      elyvilon_altar_1, minmay_temple_entry_butterflies, enter_ossuary_4,
          first_bread, minmay_lizard_king, uniq_menkaure
D:5:      serial_shops, shop, shop, shop, shop, xom_teletrap_fun
D:6:      sword_in_stone
D:7:      uniq_duvessa
D:8:      dpeg_lair_monsters, serial_shops, nicolae_shop_waterfront,
          hangedman_ranch, uniq_psyche
Temple:   kilobyte_greek_temple
Ossuary:  ossuary_zaba_flooded

Skill      XL: |  1  2  3  4  5  6  7  8  9 10 |
---------------+-------------------------------+-----
Conjurations   | 2 3 4 5 6 7 |  7.4
Spellcasting   | 4 6 7 9 10 11 12 | 12.6
Fire Magic     | 4 5 6 7 8 |  8.1
Short Blades   | 1 3 4 |  4.2
Armour         | 1 2 3 |  3.6
Dodging        | 3 4 5 |  5.3
Fighting       | 1 2 3 |  3.4
Shields        | 1 2 |  2.7
Earth Magic    | 1 3 |  3.3
Stealth        | |  2.4

Action                   |  1- 3 |  4- 6 |  7- 9 | 10-12 || total
-------------------------+-------+-------+-------+-------++-------
Melee: Unarmed           |     7 |       |       |       ||     7
       Short sword       |     8 |       |    21 |       ||    29
       Dagger            |    12 |    13 |    81 |     6 ||   112
 Cast: Flame Tongue      |    61 |    37 |   193 |    32 ||   323
       Throw Flame       |     1 |     2 |    11 |     8 ||    22
       Sticky Flame      |       |     5 |    30 |    20 ||    55
       Inner Flame       |       |     2 |     7 |     2 ||    11
       Fireball          |       |     2 |     5 |     6 ||    13
       Conjure Flame     |       |     1 |    12 |     1 ||    14
       Stone Arrow       |       |       |     2 |       ||     2
  Use: Scroll            |     8 |     5 |     9 |     9 ||    31
       Potion            |       |     2 |       |     1 ||     3
 Stab: Sleeping          |     7 |       |     4 |       ||    11
  Eat: Chunk             |     1 |     6 |    14 |       ||    21
       Royal jelly       |       |       |     2 |       ||     2
       Bread ration      |       |       |       |     1 ||     1
Armor: Robe              |     7 |     3 |    33 |     7 ||    50
       Skin              |       |     5 |       |       ||     5
Dodge: Dodged            |    60 |    21 |    88 |    18 ||   187
